 Dungeon Crawl Stone Soup version 0.25-a0-700-g7f8a7979f0 (webtiles) character file.

Game seed: 1053032270264744182, levelgen mode: deterministic

1818 kae the Grappler (level 9, -1/70 HPs)
             Began as a Naga Transmuter on Apr 2, 2020.
             Slain by a death yak (21 damage)
             ... on level 8 of the Dungeon.
             The game lasted 00:08:25 (8816 turns).

kae the Grappler (Naga Transmuter)                  Turns: 8816, Time: 00:08:26

Health: -1/70      AC:  5    Str: 13    XL:     9   Next: 10%
Magic:  3/17       EV: 10    Int: 17    God:
Gold:   231        SH:  0    Dex: 14    Spells: 4/19 levels left

rFire    . . .     SeeInvis +     - Unarmed
rCold    . . .     Gourm    .   (shield currently unavailable)
rNeg     . . .     Faith    .   b - +0 robe
rPois    +         Spirit   .   (no helmet)
rElec    .         Reflect  .   j - +0 cloak
rCorr    .         Harm     .   (gloves currently unavailable)
MR       +....                  (no barding)
Stlth    ++........             (no amulet)
HPRegen  0.21/turn              e - +3 ring of dexterity
MPRegen  0.15/turn              h - ring of stealth

@: blade hands, very slightly contaminated, hasted, quick
A: large, see invisible, deformed body, poison resistance, slowness 2, slow
metabolism 1, spit poison 1, AC +3
a: Spit Poison, End Transformation


You were on level 8 of the Dungeon.
You were very hungry.
You had blades for hands.
You visited 1 branch of the dungeon, and saw 8 of its levels.

You collected 329 gold pieces.
You spent 98 gold pieces at shops.

Inventory:

Missiles
 a - 99 arrows
Armour
 b - a +0 robe (worn)
 j - a +0 cloak (worn)
 l - a +1 pair of gloves (melded)
Jewellery
 e - a +3 ring of dexterity (left scythe-like blade)
 h - a ring of stealth (right scythe-like blade)
 t - an uncursed ring of flight
 v - an uncursed amulet of rage
 y - an uncursed amulet of the acrobat {unknown}
Wands
 o - a wand of digging (1)
 w - a wand of paralysis (5)
 z - a wand of random effects (20)
Scrolls
 c - 6 scrolls of remove curse
 f - a scroll of immolation
 k - 3 scrolls of identify
 m - 2 scrolls of enchant armour
 n - a scroll of amnesia
 q - a scroll of fog
 u - a scroll of blinking
Potions
 g - 2 potions of curing
 i - a potion of heal wounds
 p - 2 potions of mutation
 r - 2 potions of haste
 s - a potion of flight
Comestibles
 d - 16 rations


   Skills:
 - Level 1.0 Fighting
 - Level 1.5 Dodging
 * Level 8.7 Unarmed Combat
 + Level 5.5 Spellcasting
 + Level 6.0 Transmutations


You had 4 spell levels left.
You knew the following spells:

 Your Spells              Type           Power        Failure   Level  Hunger
a - Beastly Appendage     Tmut           ####..       16%         1    None
b - Sticks to Snakes      Tmut           ####....     19%         2    #......
c - Spider Form           Tmut/Pois      ###.......   50%         3    ##.....
d - Ice Form              Ice/Tmut       ###.....     78%         4    ####...
e - Blade Hands           Tmut           ####......   73%         5    ######.

Your spell library contained the following spells:

 Spells                   Type           Power        Failure   Level  Hunger


Dungeon Overview and Level Annotations

Branches:
Dungeon (8/15)             Temple (0/1) D:7
   Lair: D:8-11

Altars:
Ashenzari
Dithmenos
Hepliaklqana
Ru
Yredelemnul

Shops:
D:5 *   D:7 =

Portals:
Abyss: D:6

Annotations:
D:6 1 transporter, emiel's ghost, novice FoFi


Innate Abilities, Weirdness & Mutations

You cannot wear boots.
Your serpentine skin is tough. (AC +3)
You have supernaturally acute eyesight. (SInv)
Armour fits poorly on your strangely shaped body.
Your system is resistant to poisons. (rPois)
You cover ground very slowly.
You have a slow metabolism.
You can spit poison.


Message History

You hit the death yak.
The death yak is lightly wounded.
You slice the death yak!! You slash the death yak.
The death yak is heavily wounded.
The death yak gores you!
You slice the death yak!!
The death yak is severely wounded.
You hit the death yak.
The death yak is severely wounded.
The death yak gores you!!
You hit the death yak but do no damage.
The death yak is severely wounded.
You hit the death yak.
The death yak is almost dead.
The death yak gores you!!
* * * LOW HITPOINT WARNING * * *
You completely miss the death yak.
The death yak is almost dead.
The death yak gores you!!
You die...

#..##....#
#........#
##.......#
#####...##
##...# ##..#
##...#
##########...##
#....Y@.....##
#....##....##
#..##########
.... .... ...
.. .


You could see a death yak.

Vanquished Creatures
  Menkaure (D:6)
  An orc warrior (D:7)
  A sky beast (D:5)
  2 necrophages
  An ice beast (D:5)
  A phantom (D:6)
  An ogre (D:6)
  2 centaurs
  A water moccasin zombie (D:5)
  A water moccasin skeleton (D:7)
  A howler monkey (D:6)
  2 crimson imps
  A jelly (D:5)
  2 bullfrog skeletons (D:5)
  2 hounds
  An orc priest (D:6)
  Natasha (thrice) (D:2)
  5 orc wizards
  3 worker ants
  Robin (D:4)
  A howler monkey skeleton (D:4)
  7 adders
  A shadow imp (D:7)
  An ooze (D:2)
  5 worms
  An adder skeleton (D:2)
  2 dart slugs (D:2)
  9 leopard geckos
  17 orcs
  10 bats
  7 giant cockroaches
  16 goblins
  9 hobgoblins
  16 jackals
  4 quokkas
  3 ball pythons
  6 frilled lizards
  2 kobolds
  2 leopard gecko skeletons
  12 rats
164 creatures vanquished.

Vanquished Creatures (others)
  A rat (D:2)
1 creature vanquished.

Grand Total: 165 creatures vanquished

Notes
Turn   | Place    | Note
-------+----------+-------------------------------------------
     0 | D:1      | kae the Naga Transmuter began the quest for the Orb.
     0 | D:1      | Reached XP level 1. HP: 18/18 MP: 3/3
   341 | D:1      | Reached XP level 2. HP: 16/25 MP: 3/5
  1462 | D:2      | Reached XP level 3. HP: 18/31 MP: 4/6
  2013 | D:2      | Reached skill level 4 in Unarmed Combat
  2013 | D:2      | Reached XP level 4. HP: 33/38 MP: 5/7
  2025 | D:2      | Learned a level 2 spell: Sticks to Snakes
  2029 | D:2      | Learned a level 3 spell: Spider Form
  2029 | D:2      | Found a hazy altar of Hepliaklqana.
  2124 | D:2      | Noticed Natasha
  2141 | D:2      | Killed Natasha
  2175 | D:2      | Noticed Natasha
  2181 | D:2      | Killed Natasha
  2181 | D:2      | Reached XP level 5. HP: 20/44 MP: 5/9
  2836 | D:2      | Noticed Natasha
  2845 | D:2      | Killed Natasha
  3285 | D:3      | Found a shadowy altar of Dithmenos.
  3464 | D:3      | Found a shattered altar of Ashenzari.
  3826 | D:3      | Found a sacrificial altar of Ru.
  3837 | D:3      | Reached skill level 5 in Unarmed Combat
  3837 | D:3      | Reached XP level 6. HP: 49/51 MP: 4/10
  3908 | D:4      | Noticed Robin
  3918 | D:4      | Killed Robin
  4302 | D:4      | Reached XP level 7. HP: 46/57 MP: 9/12
  4674 | D:5      | Entered Level 5 of the Dungeon
  4803 | D:4      | Reached skill level 6 in Unarmed Combat
  5341 | D:5      | Found Vifosuen's General Store.
  5355 | D:5      | Bought a scroll of identify for 20 gold pieces
  5355 | D:5      | Bought a potion of heal wounds for 50 gold pieces
  5485 | D:6      | Noticed Menkaure
  5493 | D:6      | Killed Menkaure
  5493 | D:6      | Reached skill level 7 in Unarmed Combat
  5493 | D:6      | Reached XP level 8. HP: 29/64 MP: 10/14
  5987 | D:5      | Reached skill level 5 in Transmutations
  6565 | D:6      | Found a one-way gate to the infinite horrors of the Abyss.
  6565 | D:6      | Noticed emiel's ghost (novice FoFi)
  6578 | D:6      | Found a transporter.
  7119 | D:6      | Reached skill level 5 in Spellcasting
  7134 | D:6      | Reached skill level 8 in Unarmed Combat
  7458 | D:6      | Found a basalt altar of Yredelemnul.
  7467 | D:6      | Noticed a small abomination
  7795 | D:6      | Noticed an ancient zyme
  7811 | D:6      | Noticed a small abomination
  7876 | D:7      | Found a shadowy altar of Dithmenos.
  7920 | D:7      | Reached XP level 9. HP: 28/70 MP: 10/17
  8122 | D:7      | Learned a level 4 spell: Ice Form
  8128 | D:7      | Learned a level 5 spell: Blade Hands
  8200 | D:7      | Found a staircase to the Ecumenical Temple.
  8266 | D:7      | Found Ihouluin's Jewellery Shop.
  8288 | D:7      | Bought a cursed amulet of inaccuracy for 28 gold pieces
  8802 | D:8      | Noticed a death yak
  8816 | D:8      | Slain by a death yak

Levels and vault maps discovered:
D:1:      eino_arrival_cavern_b, layout_loops_ring, hangedman_feature_mirror,
          grunt_decor_fettered, minmay_tetromino_i2
D:2:      layout_loops_ring, old_standard_altar, uniq_natasha
D:3:      layout_basic, evilmike_ruin_ashenzari,
          nicolae_dithmenos_shadow_blocks, gup_sewer_entry_spiral,
          nicolae_ru_great_annihilating_truth
D:4:      layout_cave_pools, uniq_robin
D:5:      layout_basic, serial_shops, shop, serial_glass, glass_columns_c,
          glass_columns_a, first_ration, kennysheep_generic_room_4
D:6:      layout_basic, marbit_many_paths, gammafunk_ghost_abyssal_escape,
          uniq_menkaure
D:7:      layout_basic, temple_statues, basic_altar, serial_shops,
          shop_fountains
D:8:      layout_layer_cave, tso_oasis_becter, dpeg_lair_monsters, uniq_pikel,
          uniq_grum

Skill      XL: |  1  2  3  4  5  6  7  8  9 |
---------------+----------------------------+-----
Unarmed Combat | 4 5 7 8 |  8.7
Transmutations | 3 4 5 6 |  6.0
Spellcasting   | 3 4 5 |  5.5
Fighting       | |  1.0
Dodging        | |  1.5

Action                   |  1- 3 |  4- 6 |  7- 9 || total
-------------------------+-------+-------+-------++-------
Melee: Unarmed           |    94 |   204 |   263 ||   561
       Headbutt          |    14 |    11 |     1 ||    26
       Punch             |     2 |     3 |     3 ||     8
 Cast: Beastly Appendage |    17 |    14 |     2 ||    33
       Spider Form       |       |    14 |    20 ||    34
       Blade Hands       |       |       |     1 ||     1
 Abil: Spit Poison       |     6 |     4 |     1 ||    11
Evoke: Wand              |       |       |     7 ||     7
  Use: Scroll            |       |    10 |     7 ||    17
       Potion            |       |       |     2 ||     2
 Stab: Sleeping          |       |     2 |     4 ||     6
       Paralysed         |       |     1 |       ||     1
  Eat: Chunk             |     3 |     8 |    10 ||    21
       Ration            |       |       |     1 ||     1
Armor: Robe              |    34 |    50 |    35 ||   119
       Skin              |       |     6 |     7 ||    13
Dodge: Dodged            |    60 |   129 |   181 ||   370

Table legend:
 A = Non-vault XP
 B = Vault XP
 C = Vault XP percentage of total XP
 D = Non-vault monster count
 E = Vault monster count
 F = Vault count percentage of total count
                 A         B        C        D         E       F
            +---------+---------+-------+---------+---------+-------
      Total |    2131 |     467 |  18.0 |     135 |      29 |  17.7
            +---------+---------+-------+---------+---------+-------
        D:1 |      23 |       2 |   8.0 |      15 |       2 |  11.8
        D:2 |     177 |      35 |  16.5 |      37 |       1 |   2.6
        D:3 |      42 |      59 |  58.4 |      16 |      11 |  40.7
        D:4 |     338 |      35 |   9.4 |      15 |      12 |  44.4
        D:5 |     597 |     127 |  17.5 |      19 |       1 |   5.0
        D:6 |     623 |     209 |  25.1 |      19 |       2 |   9.5
        D:7 |     331 |       0 |   0.0 |      14 |       0 |   0.0
            +---------+---------+-------+---------+---------+-------
